 Dungeon Crawl Stone Soup version 0.31.0 (webtiles) character file.

Game seed: 7845942130543030965

26831 Arcadio the Warrior (level 13, -1/128 HPs)
             Began as a Minotaur Berserker on Jan 19, 2024.
             Was a High Priest of Trog.
             Killed from afar by a crystal guardian (29 damage)
             ... with a crystal bolt
             ... on level 1 of the Abyss.
             The game lasted 00:42:07 (16488 turns).

Arcadio the Warrior (Minotaur Berserker)           Turns: 16488, Time: 00:42:07

Health: -1/128     AC: 20    Str: 27    XL:     13   Next: 1%
Magic:  0/12       EV:  9    Int:  4    God:    Trog [*****.]
Gold:   793        SH:  0    Dex: 10    Spells: 12/12 levels left

rFire   . . .        G - +1 battleaxe (venom)
rCold   . . .        (shield currently unavailable)
rNeg    + . .        S - +0 plate armour
rPois   .            (helmet restricted)
rElec   .            y - +0 cloak
rCorr   .            q - +0 pair of gloves
SInv    .            (no boots)
Will    .....        K - amulet of guardian spirit Stlth
                     w - ring of positive energy
HPRegen 0.41/turn    (no ring)
MPRegen 0.13/turn

%: guardian spirit
@: no status effects
A: horns 2, retaliatory headbutt
a: Renounce Religion, Berserk, Trog's Hand, Brothers in Arms


You were on level 1 of the Abyss.
You worshipped Trog.
Trog was extremely pleased with you.
You visited 4 branches of the dungeon, and saw 16 of its levels.
You visited the Abyss 1 time.
You also visited: Ossuary.

You collected 813 gold pieces.
You spent 20 gold pieces at shops.

Inventory:

Hand Weapons
 t - a +4 dire flail of protection
 G - a +1 battleaxe of venom (weapon)
Missiles
 Q - 3 throwing nets (quivered)
Armour
 i - the +3 ring mail of Ignis, Wizarding {SInv}
   (You found it on level 3 of the Dungeon)

   SInv:      It lets you see invisible.
 q - a +0 pair of gloves (worn)
 u - a +2 leather armour of willpower
 y - a +0 cloak (worn)
 S - a +0 plate armour (worn)
Jewellery
 g - a ring of ice
 h - a +4 ring of protection
 w - a ring of positive energy (left hand)
 H - an amulet of reflection
 K - an amulet of guardian spirit (around neck)
 P - a ring of see invisible
Wands
 c - a wand of digging (5)
 M - a wand of flame (12)
 N - a wand of charming (7)
 O - a wand of roots (12)
Scrolls
 a - a scroll of fear {unknown}
 b - a scroll of vulnerability {unknown}
 d - 4 scrolls of enchant armour
 e - a scroll of butterflies {unknown}
 f - 3 scrolls of enchant weapon
 j - a scroll of fog {unknown}
 m - a scroll of teleportation
 o - a scroll of torment {unknown}
 p - a scroll of silence {unknown}
 r - 2 scrolls of identify
 B - a scroll of blinking
 D - 2 scrolls of revelation {unknown}
 I - 2 scrolls of poison
 R - 4 scrolls of brand weapon {unknown}
Potions
 k - a potion of berserk rage {unknown}
 l - a potion of curing
 n - 2 potions of magic
 s - 2 potions of attraction
 v - 3 potions of lignification {unknown}
 x - a potion of mutation {unknown}
 z - 3 potions of haste
 A - 2 potions of invisibility {unknown}
 C - a potion of ambrosia {unknown}
 E - 3 potions of heal wounds {unknown}
 J - 2 potions of cancellation {unknown}


   Skills:
 + Level 15.7 Fighting
 - Level 7.5 Long Blades
 + Level 13.6 Axes
 + Level 15.2 Armour
 - Level 2.1 Dodging


You had 12 spell levels left.
You didn't know any spells.
Your spell library was empty.

Dungeon Overview and Level Annotations

Branches:
Dungeon (10/15) Zot: 25574  Temple (1/1) D:4 Zot: 5998    Lair (4/5) D:10 Zot: 17713
  Swamp (0/4) Lair:2       Spider (0/4) Lair:3          Orc (1/2) D:10 Zot: 5905
Ossuary (visited)
  Slime: Lair:4-5

Altars:
Ashenzari
Cheibriados
Dithmenos
Elyvilon
Fedhas
Gozag
Hepliaklqana
Kikubaaqudgha
Makhleb
Nemelex Xobeh
Okawaru
Qazlal
Ru
Sif Muna
Trog
Uskayaw
Vehumet
Wu Jian
Xom
Yredelemnul
Zin
The Shining One

Shops:
D:2 [!:?=

Portals:
Abyss: D:9

Annotations:
D:3 1 runed translucent door
D:9 2 transporters, diceflayer's ghost, novice DsFi
Temple 2 transporters
Lair:1 1 runed translucent door, 2 transporters, Rwicked's ghost, journeyman MiBe
Lair:3 2 transporters, Kubamp's ghost, journeyman DEAE
Lair:4 Sonja


Innate Abilities, Weirdness & Mutations

You have a pair of horns on your head.
You reflexively headbutt those who attack you in melee.


Message History

The ancient zyme is severely damaged.
You hit the starspawn tentacle but do no damage.
You slash the tentacled starspawn!
You destroy the tentacled starspawn!
Trog accepts your kill.
The starspawn tentacle loses its grip on you.
The starspawn's tentacles wither and die.
The ancient zyme hits you but does no damage.
The ancient zyme hits you!
You slash the ancient zyme!
The ancient zyme is severely damaged.
The ancient zyme misses you. The ancient zyme hits you.
You slice the ancient zyme!!
You destroy the ancient zyme!
Trog accepts your kill.
You have reached level 13!
You start resting.
You are suddenly pulled into a different region of the Abyss!
You start resting.
A small abomination comes into view.
The small abomination moves out of view.
You start resting.
A small abomination is nearby!
You start resting.
A small abomination is nearby!
Okay, then.
A worldbinder comes into view.
The worldbinder calls forth creatures from the Swamp!
You feel your health improve.
Press: ? - help, v - describe, . - travel A gateway leading deeper into the Abyss.
The bog body casts a spell at you. You resist with significant effort.
The worldbinder calls forth creatures from the Swamp!
The bog body disappears in a puff of smoke!
The bog body casts a spell at you. The bolt of cold hits you!!
The crystal guardian fires a crystalline bolt at you.
The crystal bolt freezes you!!
You die...

........#..........
#.... .......+ ... ....
..... #..##..#
..##.....
.....##..##..##..##.x#
. .................#
..##.
.#....#...........#.. .
.............##+##
.....
#....#.......k...##..
.. #.....@#....n.....
....
###+......x............
........9......##..##.
#...............##..# +
#....>......n...F.....
#+##....∩....§...... ..
.#...........##.. #.
..............# ..# #
...........n ...


You could see a crystal guardian, a worldbinder, a bog body (summoned) and a
swamp drake (summoned).

Vanquished Creatures
  A tentacled starspawn (Abyss:1)
  2 boulder beetles
  3 two-headed ogres
  An oklob plant (Lair:1)
  A worldbinder (Abyss:1)
  4 black mambas
  4 elephants (Lair:1)
  5 cane toads
  3 rime drakes
  2 komodo dragons
  An ancient zyme (Abyss:1)
  A troll (D:10)
  A tyrant leech (Lair:2)
  2 polar bears
  31 blink frogs
  A jumping spider (Lair:3)
  2 culicivoras (Lair:3)
  6 yaks (Lair:3)
  2 wyverns
  3 basilisks (Lair:3)
  2 wargs (D:10)
  4 redbacks (Lair:3)
  A steam dragon (Lair:1)
  A neqoxec (Abyss:1)
  Grum (D:8)
  4 vampire mosquitoes (D:10)
  Edmund (D:5)
  A small abomination (Abyss:1)
  9 water moccasins
  4 orc warriors (D:10)
  4 black bears
  2 ice beasts
  A sky beast (D:7)
  An ogre (Orc:1)
  14 wolves
  3 centaurs
  A kobold brigand (D:9)
  15 bullfrogs
  A weeping skull (Ossuary)
  2 gnoll sergeants
  2 scorpions
  6 water moccasin zombies (Ossuary)
  4 killer bees (D:6)
  4 howler monkeys
  A quasit (D:7)
  3 orc priests
  A jelly (D:4)
  A bombardier beetle (D:5)
  A gnoll bouda (D:8)
  A hound (D:5)
  2 iguanas
  6 orc wizards
  A bullfrog simulacrum (Ossuary)
  A crocodile zombie (Ossuary)
  2 mummies (Ossuary)
  12 gnolls
  4 adders
  2 shadow imps (D:6)
  2 ufetubi (D:6)
  2 adder zombies (Ossuary)
  A dart slug (D:1)
  2 ribbon worms
  13 orcs
  7 ball pythons
  4 bats
  7 endoplasms
  5 giant cockroaches
  3 goblins
  7 hobgoblins
  2 jackals (D:1)
  10 kobolds
  2 quokkas (D:1)
  4 frilled lizards
  6 gnoll zombies (Ossuary)
  2 goblin zombies (D:7)
  A hobgoblin zombie (D:7)
  6 jackal zombies (Ossuary)
  4 kobold skeletons
  A kobold zombie (D:7)
  8 orc zombies
  3 rats
  A starspawn tentacle (Abyss:1)
305 creatures vanquished.

Vanquished Creatures (others)
  4 starspawn tentacles (Abyss:1)
4 creatures vanquished.

Grand Total: 309 creatures vanquished

Notes
Turn   | Place    | Note
-------+----------+-------------------------------------------
     0 | D:1      | Arcadio the Minotaur Berserker began the quest for the Orb.
     0 | D:1      | Reached XP level 1. HP: 19/19 MP: 0/0
   205 | D:1      | Reached XP level 2. HP: 27/27 MP: 1/1
  1017 | D:2      | Found Lusac's Magic Scroll Boutique.
  1032 | D:2      | Reached XP level 3. HP: 5/33 MP: 2/2
  1039 | D:2      | Bought a scroll of identify for 20 gold pieces
  1287 | D:2      | Found Xistruk's Distillery.
  1647 | D:2      | Found Janit's Jewellery Shoppe.
  1764 | D:2      | Found Ywao's Book Shoppe.
  1819 | D:2      | Found Xikhloa's Armour Boutique.
  2126 | D:3      | Identified the +3 ring mail of Ignis, Wizarding {SInv}
  2167 | D:3      | Reached ** piety under Trog
  2246 | D:3      | Found a runed translucent door.
  2250 | D:3      | Noticed a human
  2647 | D:3      | Found a basalt altar of Yredelemnul.
  2740 | D:4      | Noticed a scorpion
  2820 | D:4      | Noticed a black bear
  2831 | D:4      | Killed a black bear
  2832 | D:4      | Reached skill level 5 in Fighting
  2832 | D:4      | Reached skill level 5 in Long Blades
  2832 | D:4      | Reached XP level 4. HP: 42/42 MP: 3/3
  2832 | D:4      | Reached XP level 5. HP: 48/48 MP: 4/4
  3057 | D:4      | Found a staircase to the Ecumenical Temple.
  3080 | Temple   | Found a transporter.
  3080 | Temple   | Found a transporter.
  3080 | Temple   | Found a transporter.
  3080 | Temple   | Found a transporter.
  3080 | Temple   | Entered the Ecumenical Temple
  3359 | D:4      | Reached XP level 6. HP: 57/57 MP: 5/5
  3437 | D:5      | Entered Level 5 of the Dungeon
  3499 | D:5      | Noticed Edmund
  3511 | D:5      | Killed Edmund
  3512 | D:5      | Reached skill level 5 in Armour
  3557 | D:5      | You fall into a shaft and drop 2 floors!
  3583 | D:7      | Reached XP level 7. HP: 52/64 MP: 6/6
  3732 | D:7      | Found a glowing golden altar of the Shining One.
  3831 | D:7      | Found a sand-covered staircase.
  3836 | Ossuary  | Entered an ossuary
  3873 | Ossuary  | Reached *** piety under Trog
  4078 | Ossuary  | Reached XP level 8. HP: 59/73 MP: 7/7
  4611 | D:7      | Reached skill level 1 in Axes
  5373 | D:6      | Found a white marble altar of Elyvilon.
  5735 | D:5      | Reached **** piety under Trog
  5736 | D:5      | Reached XP level 9. HP: 83/83 MP: 8/8
  6092 | D:8      | Noticed Grum
  6102 | D:8      | Reached skill level 5 in Axes
  6104 | D:8      | Killed Grum
  6572 | D:8      | Found a shadowy altar of Dithmenos.
  6621 | D:8      | Found a blossoming altar of Fedhas.
  6629 | D:8      | Found an ancient bone altar of Kikubaaqudgha.
  6739 | D:8      | Reached skill level 10 in Fighting
  6888 | D:9      | Noticed a two-headed ogre
  7282 | D:9      | Found a transporter.
  7293 | D:9      | Noticed a skeletal warrior
  7312 | D:9      | Found a transporter.
  7909 | D:9      | Found a one-way gate to the infinite horrors of the Abyss.
  7909 | D:9      | Noticed diceflayer's ghost (novice DsFi)
  7957 | D:9      | Noticed an ancient zyme
  7958 | D:9      | Noticed a hellwing
  7960 | D:9      | Noticed a hell hog
  8058 | D:9      | Noticed a two-headed ogre
  8066 | D:9      | Killed a two-headed ogre
  8067 | D:9      | Reached skill level 10 in Armour
  8067 | D:9      | Reached XP level 10. HP: 86/94 MP: 4/9
  8258 | D:9      | Killed a two-headed ogre
  8625 | D:10     | Entered Level 10 of the Dungeon
  8661 | D:10     | Noticed a two-headed ogre
  8675 | D:10     | Killed a two-headed ogre
  8893 | D:10     | Found a staircase to the Orcish Mines.
  8943 | D:10     | Found a staircase to the Lair.
  9218 | Orc:1    | Entered Level 1 of the Orcish Mines
  9297 | Orc:1    | Noticed an orc warlord
 10113 | Lair:1   | Entered Level 1 of the Lair of Beasts
 10113 | Lair:1   | Noticed an oklob plant
 10123 | Lair:1   | Killed an oklob plant
 10208 | Lair:1   | Found a shimmering altar of Xom.
 10208 | Lair:1   | Noticed Rwicked's ghost (journeyman MiBe)
 10209 | Lair:1   | Found a runed translucent door.
 10209 | Lair:1   | Noticed a +2 long sword of chaos
 10240 | Lair:1   | Reached XP level 11. HP: 86/105 MP: 8/10
 10299 | Lair:1   | Reached skill level 10 in Axes
 10522 | Lair:1   | Noticed a boulder beetle
 10536 | Lair:1   | Killed a boulder beetle
 10555 | Lair:1   | Reached ***** piety under Trog
 10666 | Lair:1   | Found a transporter.
 11136 | Lair:1   | Found a transporter.
 11828 | Lair:2   | Found a staircase to the Swamp.
 12544 | Lair:2   | Reached XP level 12. HP: 117/117 MP: 11/11
 14553 | Lair:3   | Found a transporter.
 14593 | Lair:3   | Found the +16 obsidian axe {drain, demonic, Mesm ^Drain Fly
                  | SInv}
 14623 | Lair:3   | Noticed an eight-headed hydra
 14628 | Lair:3   | Noticed Kubamp's ghost (journeyman DEAE)
 14733 | Lair:3   | Reached skill level 15 in Fighting
 14830 | Lair:3   | Found a transporter.
 14855 | Lair:3   | Found an ornate altar of the Wu Jian Council.
 14856 | Lair:3   | Noticed a boulder beetle
 14867 | Lair:3   | Killed a boulder beetle
 14917 | Lair:3   | Found a hide-covered altar of Uskayaw.
 15669 | Lair:3   | Found a hole to the Spider Nest.
 15823 | Lair:3   | Reached skill level 15 in Armour
 16318 | Lair:4   | Noticed Sonja
 16331 | Abyss:1  | Cast into level 1 of the Abyss (Sonja)
 16353 | Abyss:1  | Found a corrupted altar of Lugonu.
 16380 | Abyss:1  | Found a corrupted altar of Lugonu.
 16393 | Abyss:1  | Noticed a bone dragon
 16402 | Abyss:1  | Noticed a tentacled starspawn
 16410 | Abyss:1  | Found a corrupted altar of Lugonu.
 16426 | Abyss:1  | Killed a tentacled starspawn
 16429 | Abyss:1  | Reached XP level 13. HP: 50/128 MP: 5/12
 16482 | Abyss:1  | Noticed a crystal guardian
 16488 | Abyss:1  | Killed from afar by a crystal guardian

Illustrated notes

Levels and vault maps discovered:
D:1:      lightli_molten_gateway, layout_basic, minmay_misc_feat_roman,
          minmay_misc_feat_iff
D:2:      layout_loops_corners, serial_shops, shop, shop,
          nicolae_shop_hallway_stairs, nicolae_shop_tiny_waterfront,
          nicolae_lakefront_shop, roderic_filled_cross, minmay_misc_feat_tiny
D:3:      layout_loops_ring, dk_yredelemnul_ordeal, amethyst_killhole
D:4:      layout_rooms, temple_pool_b
D:5:      layout_cave_pools, uniq_edmund
D:6:      layout_loops_ring, mainiacjoe_overflow_alcove_2, minivault_23
D:7:      layout_loops_ring, nicolae_tso_besieged_by_evil,
          nicolae_ossuary_entry_false_entrances
D:8:      layout_loops_ring, nicolae_kikubaaqudgha_miasma_corner,
          fedhas_altar_1, mainiacjoe_overflow_alcove_1,
          kennysheep_generic_room_16, uniq_grum
D:9:      layout_long_grid, gammafunk_ghost_abyssal_escape
D:10:     layout_cave_pools, mainiacjoe_overflow_24_doors,
          erik_lair_orcish_takeover, david_orc_3
Temple:   hellmonk_temple_divided_pantheon
Lair:1:   gammafunk_cloud_chamber, layout_gridlike, ebering_ghost_xom
Lair:2:   layout_cave_pods, minmay_swamp_entry_worms
Lair:3:   layout_small_grid, nicolae_spider_entry_tight_spaces,
          nzn_ghost_randoct, nzn_masters_of_martial_movement
Lair:4:   layout_regular_city, chequers_serial_rivers_micro_b, pf_torpor_hydra,
          infiniplex_staircase_pool, serial_bayou_shore_b, uniq_sonja
Orc:1:    layout_caves
Abyss:1:  base:
D:14

Skill      XL: |  1  2  3  4  5  6  7  8  9 10 11 12 |
---------------+-------------------------------------+-----
Fighting       | 4 5 6 7 9 10 12 14 15 | 15.7
Long Blades    | 4 5 6 7 |  7.5
Armour         | 3 4 5 6 8 10 11 13 15 | 15.2
Axes           | 4 7 9 11 13 | 13.6
Dodging        | |  2.1

Action                     |  1- 3 |  4- 6 |  7- 9 | 10-12 | 13-15 || total
---------------------------+-------+-------+-------+-------+-------++-------
  Melee: Falchion          |   114 |    44 |   193 |       |       ||   351
         Headbutt          |    18 |     8 |    48 |    82 |       ||   156
         Punch             |       |     1 |     4 |       |       ||     5
         Battleaxe         |       |       |   157 |   449 |       ||   606
 Invoke: Berserk           |     2 |     1 |     3 |     5 |       ||    11
         Trog's Hand       |       |       |       |     3 |       ||     3
  Evoke: Wand              |       |       |       |     2 |       ||     2
    Use: Scroll            |     4 |     1 |     5 |     7 |       ||    17
         Potion            |       |       |       |     3 |       ||     3
   Stab: Sleeping          |     3 |       |       |       |       ||     3
 Armour: Animal skin       |    49 |       |       |       |       ||    49
         Ring mail         |    18 |    26 |   338 |    63 |       ||   445
         Plate armour      |       |       |       |   586 |     2 ||   588
  Dodge: Dodged            |    82 |    22 |   258 |   248 |       ||   610
  Block: Other             |       |       |    21 |       |       ||    21
         Reflection        |       |       |     1 |       |       ||     1
